 Dungeon Crawl Stone Soup version 0.27.1-1-g398f81649c (webtiles) character file.

Game seed: 17946941987593014748

74 Naeght the Poker (level 4, -6/35 HPs)
             Began as a Merfolk Gladiator on Sept 10, 2021.
             Mangled by an ogre (12 damage)
             ... on level 2 of the Dungeon.
             The game lasted 00:01:58 (1803 turns).

Naeght the Poker (Merfolk Gladiator)                Turns: 1803, Time: 00:01:58

Health: -6/35      AC:  4    Str: 15    XL:     4   Next: 30%
Magic:  4/4        EV: 13    Int:  7    God:
Gold:   41         SH:  0    Dex: 15    Spells: 3/3 levels left

rFire    . . .     SeeInvis .   a - +0 trident
rCold    + . .     Faith    .   (no shield)
rNeg     . . .     Spirit   .   b - +0 leather armour
rPois    .         Reflect  .   c - +0 helmet
rElec    .         Harm     .   (no cloak)
rCorr    .         Rampage  .   (no gloves)
Will     .....                  (no boots)
Stlth    +.........             (no amulet)
HPRegen  0.11/turn              h - ring of protection from cold
MPRegen  0.09/turn              i - ring of flight

@: flying
A: (nimble swimmer 2), mertail
a: no special abilities


You were on level 2 of the Dungeon.
You visited 1 branch of the dungeon, and saw 2 of its levels.

You collected 41 gold pieces.

Inventory:

Hand Weapons
 a - a +0 trident (weapon)
Missiles
 d - 3 throwing nets (quivered)
Armour
 b - a +0 leather armour (worn)
 c - a +0 helmet (worn)
Jewellery
 h - a ring of protection from cold (left hand)
 i - a ring of flight (right hand)
Scrolls
 f - a scroll of enchant armour {unknown}
 g - a scroll of noise {unknown}
 j - 2 scrolls of teleportation {unknown}
 m - a scroll of amnesia {unknown}
Potions
 e - a potion of curing {unknown}
 k - a potion of brilliance {unknown}
 l - a potion of resistance {unknown}
 n - a potion of heal wounds {unknown}
 o - a potion of invisibility {unknown}


   Skills:
 + Level 3.0 Fighting
 * Level 6.0 Polearms
 - Level 2.0 Throwing
 + Level 4.8 Dodging


You had 3 spell levels left.
You didn't know any spells.
Your spell library was empty.

Dungeon Overview and Level Annotations

Branches:
Dungeon (2/15)

Altars:

Shops:
D:1 =


Innate Abilities, Weirdness & Mutations

((You are quick and stealthy near water. (Stealth+, EV+, Speed+++)))
Your lower body shifts to a powerful aquatic tail in water.


Message History

The ogre is heavily wounded.
The ogre hits you with a +0 giant spiked club!
You hit the ogre.
The ogre is severely wounded.
The ogre barely misses you.
You puncture the ogre!
The ogre is almost dead.
The ogre hits you with a +0 giant spiked club!
* * * LOW HITPOINT WARNING * * *
You are too injured to fight recklessly!
You are too injured to fight recklessly!
You are too injured to fight recklessly!
You are too injured to fight recklessly!
You are too injured to fight recklessly!
You are too injured to fight recklessly!
You are too injured to fight recklessly!
You are too injured to fight recklessly!
You are too injured to fight recklessly!
You are too injured to fight recklessly!
You are too injured to fight recklessly!
You are too injured to fight recklessly!
You are too injured to fight recklessly!
You are too injured to fight recklessly!
You are too injured to fight recklessly!
You are too injured to fight recklessly!
You are too injured to fight recklessly!
An ogre is nearby!
An ogre is nearby!
You closely miss the ogre.
The ogre is almost dead.
You hit the ogre but do no damage.
The ogre is almost dead.
The ogre barely misses you.
You hit the ogre but do no damage.
The ogre is almost dead.
The ogre barely misses you.
You barely miss the ogre.
The ogre is almost dead.
The ogre hits you with a +0 giant spiked club!
You die...

#.# #
#.###
#.... ###
# #....
#.. .#
#...# #.#
.# #.###
#.####.##
#....
#O##....
#....
#@##.(#
#....
#$##.# #
#....
#....# )#
#.###
####.##
#.# #.# #
##.###.#
#.# #
##...# #.
# ##.## #
#.# # #.#
.


You could see an ogre.

Vanquished Creatures
  Jessica (D:2)
  An adder (D:2)
  2 worms (D:2)
  4 bats
  2 endoplasms (D:1)
  4 giant cockroaches
  2 goblins (D:1)
  6 hobgoblins
  A jackal (D:2)
  2 quokkas (D:1)
  A frilled lizard (D:1)
  A kobold (D:1)
  4 rats
31 creatures vanquished.

Notes
Turn   | Place    | Note
-------+----------+-------------------------------------------
     0 | D:1      | Naeght the Merfolk Gladiator began the quest for the Orb.
     0 | D:1      | Reached XP level 1. HP: 16/16 MP: 1/1
   278 | D:1      | Found a faded altar of an unknown god.
   424 | D:1      | Reached XP level 2. HP: 17/23 MP: 2/2
   545 | D:1      | Found Bolatuof's Jewellery Shop.
   645 | D:1      | Reached skill level 5 in Polearms
  1333 | D:1      | Reached XP level 3. HP: 28/28 MP: 3/3
  1645 | D:2      | Noticed Jessica
  1650 | D:2      | Killed Jessica
  1651 | D:2      | Reached skill level 6 in Polearms
  1651 | D:2      | Reached XP level 4. HP: 35/35 MP: 4/4
  1793 | D:2      | Noticed an ogre
  1803 | D:2      | Mangled by an ogre

Illustrated notes

Levels and vault maps discovered:
D:1:      amcnicky_arrival_blooded_trapdoor, layout_loops_corners,
          ebering_ecumenical_altar_box, serial_shops, shop, corner_web_ring,
          minmay_unequal
D:2:      minmay_recursive_quarters, layout_loops_cross,
          corexii_item_surrounded_by_moat, uniq_jessica

Skill      XL: |  1  2  3 |
---------------+----------+-----
Polearms       | 5 6 |  6.0
Fighting       | 3 |  3.0
Throwing       | |  2.0
Dodging        | |  4.8

Action                   |  1- 3 |  4- 6 || total
-------------------------+-------+-------++-------
Melee: Trident           |   101 |    10 ||   111
 Stab: Sleeping          |     1 |       ||     1
Armor: Leather armour    |    31 |       ||    31
Dodge: Dodged            |    66 |     3 ||    69
